Map: [ESL] Hecate

Players

ONSYDERyung (Ryung) - Winner!

  • Race: Terran Terran
  • Spawn Location: 7:00

LiquidMaNa (MaNa)

  • Race: Protoss Protoss
  • Spawn Location: 1:00

Event: IEM Katowice 2024

VOD

Have the link to the VOD?

Description

Time

  • Played on: Dec. 5, 2023, 4:42 a.m.
  • Length: 5:39

All games in this series

Show
View Real Time Build Order
Export as new Build Order

ONSYDERyung Terran - Winner!

Build Orders: 1/1/1 

Get SALT Encoding   

  12  0:00  SCV  
  13  0:12  SCV  
  14  0:17  Supply Depot  
  14  0:24  SCV  
  15  0:38  SCV  
  15  0:39  Barracks  
  16  0:45  Refinery  
  16  0:50  SCV  
  16  0:52  Refinery  
  17  1:03  SCV  
  18  1:15  SCV  
  19  1:20  Supply Depot  
  19  1:27  Orbital Command, Reaper  
  20  1:40  Factory  
  20  1:54  SCV  
  21  2:04  Barracks Reactor  
  21  2:06  SCV  
  22  2:18  Command Center  
  22  2:19  SCV  
  23  2:27  Starport  
  23  2:32  SCV  
  23  2:36  Supply Depot  
  24  2:39  Widow Mine  
  24  2:44  SCV  
  27  2:48  Marine x2  
  29  2:56  SCV  
  30  3:01  Widow Mine  
  32  3:05  Marine  
  32  3:06  Marine  
  32  3:08  SCV  
  35  3:13  Medivac  
  37  3:20  SCV  
  37  3:27  Marine  
  38  3:29  Marine  
  38  3:33  SCV  
  42  3:37  Factory Tech Lab  
  40  3:44  Marine  
  40  3:47  Starport Tech Lab, Orbital Command, Marine  
  40  3:48  SCV  
  43  3:56  Barracks  
  43  3:57  Siege Tank  
  43  4:01  SCV, Supply Depot  
  47  4:07  Raven  
  47  4:08  Marine  
  50  4:10  Marine  
  50  4:16  SCV  
  52  4:23  SCV  
  51  4:26  Marine  
  51  4:28  SCV, Marine  
  51  4:29  Siege Tank  
  55  4:35  SCV  
  55  4:37  Supply Depot  
  56  4:40  SCV  
  56  4:44  Marine  
  56  4:45  Barracks  
  58  4:46  Marine  
  58  4:47  SCV  
  60  4:53  SCV, Refinery  
  60  4:59  SCV  
  62  5:02  Marine x2  
  62  5:04  Marine  
  62  5:05  SCV  
  66  5:10  Engineering Bay  
  66  5:12  SCV  
  66  5:14  Supply Depot  
  67  5:17  SCV  
  67  5:24  SCV  
  69  5:28  Factory Reactor  
  69  5:29  Starport Reactor  
  70  5:35  Supply Depot  
Show
View Real Time Build Order
Export as new Build Order

LiquidMaNa Protoss 

Build Orders: 1 Gate Expand, Phoenix Opening 

Get SALT Encoding   

  12  0:00  Probe  
  13  0:12  Probe  
  14  0:20  Pylon  
  14  0:24  Probe  
  15  0:38  Probe (Chrono Boost)  
  15  0:39  Gateway  
  16  0:46  Probe (Chrono Boost)  
  16  0:47  Assimilator  
  17  0:52  Probe  
  18  1:04  Probe  
  19  1:16  Probe  
  20  1:26  Cybernetics Core  
  20  1:33  Nexus  
  20  1:35  Probe  
  21  1:42  Pylon  
  21  1:48  Probe  
  21  1:51  Assimilator  
  22  2:00  Adept (Chrono Boost), Probe  
  23  2:03  Warp Gate  
  24  2:12  Probe  
  25  2:23  Sentry (Chrono Boost)  
  25  2:24  Probe  
  28  2:36  Probe  
  29  2:41  Sentry  
  31  2:45  Probe  
  31  2:48  Probe  
  31  2:49  Phoenix  
  33  2:53  Gateway  
  33  2:57  Probe  
  33  3:00  Probe  
  33  3:04  Sentry  
  36  3:09  Probe (Chrono Boost)  
  38  3:12  Probe (Chrono Boost)  
  39  3:21  Probe (Chrono Boost)  
  39  3:23  Probe (Chrono Boost)  
  39  3:27  Probe (Chrono Boost)  
  40  3:28  Probe (Chrono Boost)  
  40  3:31  Nexus  
  44  3:41  Robotics Facility  
  44  3:45  Twilight Council  
  44  3:46  Pylon  
  42  3:53  Probe x2  
  44  3:56  Stalker  
  46  4:04  Pylon  
  46  4:06  Stalker  
  46  4:09  Assimilator x2, Probe  
  48  4:23  Probe  
  44  4:28  Stalker  
  46  4:33  Probe (Chrono Boost)  
  46  4:36  Probe (Chrono Boost)  
  48  4:45  Probe (Chrono Boost)  
  49  4:48  Probe (Chrono Boost)  
  49  4:50  Observer (Chrono Boost)  
  53  4:53  Probe x2 (Chrono Boost)  
  53  4:54  Probe (Chrono Boost)  
  53  4:59  Probe  
  54  5:00  Probe  
  54  5:02  Probe  
  54  5:04  Stalker  
  59  5:07  Stalker  
  61  5:20  Pylon  
  57  5:24  Probe  
  57  5:26  Probe  
  51  5:28  Stalker  
  51  5:31  Stalker  

Tags
 
Add a new tag
Caveats
  • Supply blocks, unpowered buildings, or Contaminate may cause inaccurate times.
  • Supply counts are checked every 10 seconds.